 Dungeon Crawl Stone Soup version 0.29.0-4-gdea44cf6ec (webtiles) character file.

Game seed: 11685542400090490954

114 qw the Ruffian (level 4, 0/36 HPs)
             Began as a Ghoul Fire Elementalist on Aug 30, 2022.
             Slain by a white imp (1 damage)
             ... summoned by Natasha
             ... on level 3 of the Dungeon.
             The game lasted 00:02:43 (3367 turns).

qw the Ruffian (Ghoul Fire Elementalist)            Turns: 3367, Time: 00:02:44

Health: 0/36       AC:  3    Str: 13    XL:     4   Next: 97%
Magic:  5/5        EV: 11    Int: 10    God:
Gold:   67         SH:  0    Dex:  9    Spells: 5/6 levels left

rFire   . . .      SeeInvis .     - Unarmed
rCold   + . .      Faith    .   (no shield)
rNeg    + + +      Spirit   .   i - +0 leather armour
rPois   inf        Reflect  .   (no helmet)
rElec   .          Harm     .   (no cloak)
rCorr   .          Rampage  .   (no gloves)
Will    +....                   (no boots)
Stlth   +.........              (no amulet)
HPRegen 0.00/turn               c - ring of willpower
MPRegen 0.09/turn               (no ring)

@: inhibited regen
A: claws 1, cold resistance 1, negative energy resistance 3, inhibited
regeneration, torment resistance 2, devour on kill
a: no special abilities


You were on level 3 of the Dungeon.
You visited 1 branch of the dungeon, and saw 3 of its levels.

You collected 67 gold pieces.


Innate Abilities, Weirdness & Mutations

You are immune to poison.
You have sharp fingernails.
Your flesh is cold resistant. (rC+)
You are immune to negative energy. (rN+++)
You do not regenerate when monsters are visible.
You are immune to unholy pain and torment.
You thrive by killing the living.


   Skills:
 - Level 2.2 Fighting
 - Level 1.7 Dodging
 - Level 2.1 Stealth
 + Level 4.1 Unarmed Combat
 - Level 1.7 Spellcasting
 - Level 0.7 Conjurations
 - Level 2.4 Fire Magic


You had 5 spell levels left.
You knew the following spells:

 Your Spells              Type           Power      Damage    Failure   Level
a - Foxfire               Conj/Fire      16%        2x1d4     22%         1

Your spell library contained the following spells:

 Spells                   Type           Power      Damage    Failure   Level
 Scorch                   Fire           10%        2d5       22%         2
 Conjure Flame            Conj/Fire      4%         6-21      54%         3
 Inner Flame              Hex/Fire       3%         N/A       58%         3
 Flame Wave               Conj/Fire      4%         2d5       91%         4

Inventory:

Armour
 g - a +0 ring mail
 i - a +0 leather armour (worn)
Jewellery
 c - a ring of willpower (left claw)
Scrolls
 b - a scroll of fear {unknown}
Potions
 a - 3 potions of berserk rage {unknown}
 d - a potion of heal wounds {unknown}
 e - a potion of attraction {unknown}
 f - a potion of resistance {unknown}
 h - a potion of curing {unknown}

Dungeon Overview and Level Annotations

Branches:
Dungeon (3/15)

Altars:

Annotations:
D:3 Natasha


Message History

You start resting.
HP restored.
g - a +0 ring mail
Things that are here:
a +0 hand axe; an orc corpse
Items here: % )) [.
Natasha, Servant of Life and Death comes into view.
Found a stone staircase leading up.
Natasha hisses angrily.
Natasha mumbles some strange words.
Enter note: Natasha casts a spell at you.
The magic dart hits you.
The white imp sputters.
Natasha claws you.
You claw Natasha!
Natasha is heavily wounded.
Natasha claws you.
You scratch Natasha but do no damage.
Natasha is heavily wounded.
The white imp gestures at you. The puff of frost hits you. You resist.
Natasha claws you but does no damage.
You scratch Natasha.
Natasha is severely wounded.
The white imp misses you. Natasha claws you.
You scratch Natasha. Your claw misses Natasha.
Natasha is almost dead.
The white imp gestures at you. The puff of frost hits you. You resist.
Natasha closely misses you.
You closely miss Natasha.
Natasha is almost dead.
The white imp barely misses you. Natasha claws you.
You barely miss Natasha.
Natasha is almost dead.
The white imp hits you. The white imp freezes you. You resist.
You barely miss Natasha.
Natasha is almost dead.
Natasha casts a spell at you. The magic dart hits you. The white imp hits you.
You die...

####### #.....#
#.....# ##### #.....#
##...## #.....#
##.....# #.....#
#....... #.....#######
#.......
#<..h@......###.......
#...5.#####..))......#
####### #####.......
##....... .........
###......< .........
.....###. #.........


You could see Natasha and a white imp (summoned).

Vanquished Creatures
  An orc priest (D:3)
  2 adders (D:2)
  2 worms
  6 orcs
  2 endoplasms
  4 goblins
  3 hobgoblins
  11 jackals
  A quokka (D:2)
  5 ball pythons
  7 bats
  2 frilled lizards (D:1)
  A kobold (D:1)
  7 rats
54 creatures vanquished.

Notes
Turn   | Place    | Note
-------+----------+-------------------------------------------
     0 | D:1      | qw the Ghoul Fire Elementalist began the quest for the Orb.
     0 | D:1      | Reached XP level 1. HP: 14/14 MP: 2/2
     0 | D:1      | 0 ||| qw: Version: 0.1-a-90-g952f4b7
     0 | D:1      | 0 ||| qw: Game counter: 4349
     0 | D:1      | 0 ||| qw: Always use a shield: true
     0 | D:1      | 0 ||| qw: God list: Okawaru
     0 | D:1      | 0 ||| qw: Allow faded altars: false
     0 | D:1      | 0 ||| qw: Do Orc after D:15 true
     0 | D:1      | 0 ||| qw: Do second Lair branch before Depths: true
     0 | D:1      | 0 ||| qw: Lair rune preference: random
     0 | D:1      | 0 ||| qw: Plans: Normal
     0 | D:1      | 0 ||| PLANNING D:1-11
   262 | D:1      | Found a faded altar of an unknown god.
   335 | D:1      | 335 ||| Stepping ~*~*~tactically~*~*~ (stealth).
   337 | D:1      | 337 ||| Stepping ~*~*~tactically~*~*~ (stealth).
   340 | D:1      | 340 ||| Stepping ~*~*~tactically~*~*~ (stealth).
   350 | D:1      | Reached skill level 1 in Unarmed Combat
   351 | D:1      | 351 ||| Stepping ~*~*~tactically~*~*~ (stealth).
   536 | D:1      | Reached XP level 2. HP: 22/22 MP: 3/3
   616 | D:1      | Reached skill level 1 in Fighting
   765 | D:1      | 765 ||| Stepping ~*~*~tactically~*~*~ (stealth).
   768 | D:1      | 768 ||| Stepping ~*~*~tactically~*~*~ (stealth).
   777 | D:1      | 777 ||| Stepping ~*~*~tactically~*~*~ (stealth).
   791 | D:1      | Reached skill level 2 in Unarmed Combat
   791 | D:1      | 791 ||| Stepping ~*~*~tactically~*~*~ (stealth).
   792 | D:1      | 792 ||| Stepping ~*~*~tactically~*~*~ (stealth).
  1016 | D:1      | 1016 ||| Stepping ~*~*~tactically~*~*~ (stealth).
  1091 | D:1      | 1091 ||| UPGRADING to ring of willpower.
  1092 | D:1      | 1092 ||| READING scroll labelled DUUCRA QIGEFI.
  1093 | D:1      | 1093 ||| DROPPING potion of magic.
  1210 | D:2      | Reached XP level 3. HP: 20/28 MP: 4/4
  1236 | D:2      | 1236 ||| FLEEEEING.
  1237 | D:2      | 1237 ||| STAIRDANCE
  1305 | D:2      | 1305 ||| STAIRDANCE
  1339 | D:2      | 1339 ||| Stepping ~*~*~tactically~*~*~ (stealth).
  1342 | D:2      | 1342 ||| STAIRDANCE
  1357 | D:2      | 1357 ||| STAIRDANCE
  1369 | D:2      | 1369 ||| STAIRDANCE
  1508 | D:2      | 1508 ||| Stepping ~*~*~tactically~*~*~ (stealth).
  1549 | D:2      | Reached skill level 3 in Unarmed Combat
  1558 | D:2      | 1558 ||| Stepping ~*~*~tactically~*~*~ (stealth).
  1561 | D:2      | 1561 ||| Stepping ~*~*~tactically~*~*~ (stealth).
  1563 | D:2      | 1563 ||| Stepping ~*~*~tactically~*~*~ (stealth).
  1564 | D:2      | 1564 ||| Stepping ~*~*~tactically~*~*~ (stealth).
  1565 | D:2      | 1565 ||| Stepping ~*~*~tactically~*~*~ (stealth).
  1569 | D:2      | 1569 ||| Stepping ~*~*~tactically~*~*~ (stealth).
  1570 | D:2      | 1570 ||| Stepping ~*~*~tactically~*~*~ (stealth).
  1833 | D:2      | 1833 ||| Stepping ~*~*~tactically~*~*~ (stealth).
  1835 | D:2      | 1835 ||| Stepping ~*~*~tactically~*~*~ (stealth).
  1840 | D:2      | 1840 ||| Stepping ~*~*~tactically~*~*~ (stealth).
  1843 | D:2      | 1843 ||| Stepping ~*~*~tactically~*~*~ (stealth).
  1845 | D:2      | 1845 ||| Stepping ~*~*~tactically~*~*~ (stealth).
  1847 | D:2      | 1847 ||| Stepping ~*~*~tactically~*~*~ (stealth).
  1849 | D:2      | 1849 ||| Stepping ~*~*~tactically~*~*~ (stealth).
  1850 | D:2      | 1850 ||| Stepping ~*~*~tactically~*~*~ (stealth).
  1894 | D:2      | Reached XP level 4. HP: 35/35 MP: 5/5
  1960 | D:2      | 1960 ||| Stepping ~*~*~tactically~*~*~ (stealth).
  1964 | D:2      | 1964 ||| Stepping ~*~*~tactically~*~*~ (stealth).
  1969 | D:2      | 1969 ||| Stepping ~*~*~tactically~*~*~ (stealth).
  1973 | D:2      | 1973 ||| Stepping ~*~*~tactically~*~*~ (stealth).
  2022 | D:2      | 2022 ||| Stepping ~*~*~tactically~*~*~ (stealth).
  2023 | D:2      | 2023 ||| Stepping ~*~*~tactically~*~*~ (stealth).
  2030 | D:2      | 2030 ||| Stepping ~*~*~tactically~*~*~ (stealth).
  2031 | D:2      | 2031 ||| Stepping ~*~*~tactically~*~*~ (stealth).
  2032 | D:2      | 2032 ||| Stepping ~*~*~tactically~*~*~ (stealth).
  2033 | D:2      | 2033 ||| Stepping ~*~*~tactically~*~*~ (stealth).
  2034 | D:2      | 2034 ||| Stepping ~*~*~tactically~*~*~ (stealth).
  2046 | D:2      | 2046 ||| Stepping ~*~*~tactically~*~*~ (stealth).
  2047 | D:2      | 2047 ||| Stepping ~*~*~tactically~*~*~ (stealth).
  2055 | D:2      | 2055 ||| Stepping ~*~*~tactically~*~*~ (stealth).
  2795 | D:2      | 2795 ||| UPGRADING to +0 leather armour.
  2805 | D:2      | 2805 ||| DROPPING +0 robe.
  2806 | D:2      | 2806 ||| READING scroll labelled DIGALI FUDGH.
  2807 | D:2      | 2807 ||| READING 2 scrolls labelled ZAGEERHAFIE.
  2808 | D:2      | 2808 ||| DROPPING scroll of blinking.
  2890 | D:3      | Reached skill level 4 in Unarmed Combat
  3140 | D:3      | 3140 ||| Stepping ~*~*~tactically~*~*~ (stealth).
  3188 | D:3      | 3188 ||| Stepping ~*~*~tactically~*~*~ (hiding).
  3190 | D:3      | 3190 ||| Stepping ~*~*~tactically~*~*~ (hiding).
  3356 | D:3      | Noticed Natasha
  3366 | D:3      | HP: 8/36 [white imp[Natasha] (2)]
  3367 | D:3      | HP: 1/36 [Natasha/magic dart (6)]
  3367 | D:3      | Slain by a white imp

Levels and vault maps discovered:
D:1:      kennysheep_arrival_forest, layout_loops_ring,
          ebering_ecumenical_altar_sacrificial, nicolae_kite_square_tiling_tiny,
          corexii_leaking_fountain, nicolae_eternal_life
D:2:      layout_basic, kennysheep_donut, minmay_between
D:3:      layout_rooms, mainiacjoe_overflow_alcove_1, uniq_natasha

Skill      XL: |  1  2  3  4 |
---------------+-------------+-----
Unarmed Combat | 1 2 3 4 |  4.1
Fighting       | 1 2 |  2.2
Dodging        | |  1.7
Stealth        | |  2.1
Spellcasting   | |  1.7
Conjurations   | |  0.7
Fire Magic     | |  2.4

Action                   |  1- 3 |  4- 6 || total
-------------------------+-------+-------++-------
Melee: Unarmed           |   132 |    85 ||   217
       Punch             |     4 |     4 ||     8
  Use: Scroll            |     1 |     2 ||     3
Armor: Robe              |    25 |     7 ||    32
       Leather armour    |       |     7 ||     7
Dodge: Dodged            |    78 |    48 ||   126

Table legend:
 A = Non-vault XP
 B = Vault XP
 C = Vault XP percentage of total XP
 D = Non-vault monster count
 E = Vault monster count
 F = Vault count percentage of total count
                 A         B        C        D         E       F
            +---------+---------+-------+---------+---------+-------
      Total |     141 |      22 |  13.5 |      50 |       4 |   7.4
            +---------+---------+-------+---------+---------+-------
        D:1 |      34 |       0 |   0.0 |      20 |       0 |   0.0
        D:2 |      53 |      22 |  29.3 |      24 |       4 |  14.3
        D:3 |      54 |       0 |   0.0 |       6 |       0 |   0.0
            +---------+---------+-------+---------+---------+-------
